Unix NetHack Version 5.0.0-0 post-release - last build Jun 10 2026 00:39:30 (3ee93aec679c4c4259841fe613dc97188e26a321,branch:main).

Game began 2026-07-02 15:03:17, ended 2026-07-02 15:10:32.

A4Paper, chaotic female elven Wizard

                                                       ----------
                                                       |........|
                                                      #.<.......|
                                                      #|........|
                                                      #|........|
                                                      #----------
                                                      #
                                                      #
                                                      #
                                               ##     #
                                           -----.-----#
                                           +.........-#
                                           |.........|
                                           |......R..|
                                           |........RR@
                                           |.........| R
                                           -----------

A4Paper the Conjurer      St:9 Dx:11 Co:16 In:19 Wi:9 Ch:11  Chaotic S:490
Dlvl:3  $:46 HP:0(33) Pw:40(45) AC:6  Xp:4/96 T:1329  Burdened

Latest messages:
 The water is foul!  You gag and vomit.
 You can move again.
 Drink from the fountain? [yn] (n)
 You spot a gem in the sparkling waters!
 Drink from the fountain? [yn] (n)
 You see an image of someone stalking you.
 But it disappears.
 You have a little trouble lifting F - a red gem.
 Drink from the fountain? [yn] (n)
 You feel self-knowledgeable...
 The feeling subsides.
 Drink from the fountain? [yn] (n)
 The cool draught refreshes you.
 Drink from the fountain? [yn] (n)
 The cool draught refreshes you.
 The fountain dries up!
 You see here 16 gold pieces.
 You have a little trouble lifting $ - 16 gold pieces (46 in total).
 You hear the footsteps of a guard on patrol.
 The door opens.
 You see here a scroll labeled ELBIB YLOH.
 You have a little trouble lifting G - a scroll labeled ELBIB YLOH.
 You are carrying too much to get through.
 You are carrying too much to get through.
 What do you want to read? [gi-msG or ?*]
 You read the scroll.
 The scroll erupts in a tower of flame!
 Boom!
 Bluey is caught in the tower of flame!
 Your cloak smoulders!
 You hear the splashing of a naiad.
 What do you want to read? [gi-ms or ?*]
 You don't have that object.
 What do you want to read? [gi-ms or ?*]
 As you read the scroll, it disappears.
 Your cloak of magic resistance glows silver for a while.
 What do you want to read? [gi-m or ?*]
 As you read the scroll, it disappears.
 You have found a scroll of genocide!
 Sent in some disenchanters.
 The disenchanter hits!
 The disenchanter hits!
 Your cloak of magic resistance seems less effective.
 In what direction?
 The spell misses the disenchanter.
 The disenchanter hits!
 Your cloak of magic resistance seems less effective.
 The disenchanter hits!
 You die...
 Do you want your possessions identified? [ynq] (y)

Inventory:
 Coins    ('$')
  $ - 46 gold pieces
 Weapons  (')')
  z - a +0 dagger
  a - a blessed +1 quarterstaff (weapon in hands)
 Armor    ('[')
  b - an uncursed burnt +0 cloak of magic resistance (being worn)
  A - a cursed -1 elven mithril-coat
  t - a cursed -3 elven mithril-coat
  r - an uncursed +0 studded leather armor (being worn)
 Comestibles  ('%')
  C - an uncursed slime mold
  E - an uncursed food ration
 Scrolls  ('?')
  k - an uncursed scroll of enchant weapon
  j - an uncursed scroll of light
  i - an uncursed scroll of teleportation
 Spellbooks  ('+')
  m - an uncursed spellbook of detect food
  l - a blessed spellbook of force bolt
 Potions  ('!')
  h - an uncursed potion of confusion
  q - a blessed potion of gain energy
  f - a blessed potion of healing
 Rings    ('=')
  e - an uncursed +1 ring of protection
  d - an uncursed ring of regeneration
 Wands    ('/')
  c - a wand of polymorph (0:5)
 Tools    ('(')
  o - an uncursed leather drum
  u - an uncursed leash
  n - a magic marker (0:20)
 Gems/Stones  ('*')
  B - an uncursed obsidian stone
  F - an uncursed worthless piece of red glass
  x - an uncursed worthless piece of white glass

A4Paper the Wizard's attributes:

Background:
 You were a Conjurer, a level 4 female elven Wizard.
 You were chaotic, on a mission for Anhur
 who was opposed by Ptah (lawful) and Thoth (neutral).
 You were right-handed.
 You were in the Dungeons of Doom, on level 3.
 You entered the dungeon 1329 turns ago.
 There was a full moon in effect when your adventure ended.
 You had 96 experience points, 64 more were needed to attain level 5.
 Your score was 490 before end-of-game adjustments.

Basics:
 You had 0 out of 33 hit points.
 You had 40 out of 45 energy points (spell power).
 Your armor class was 7.
 Your wallet contained 46 zorkmids.
 Autopickup was off.

Final Characteristics:
 Your strength was 9 (limit:18).
 Your dexterity was 11 (limit:18).
 Your constitution was 16 (limit:16).
 Your intelligence was 19 (limit:20).
 Your wisdom was 9 (limit:20).
 Your charisma was 11 (limit:18).

Final Status:
 You weren't hungry.
 You were burdened; movement was slightly slowed.
 You were wielding a quarterstaff.
 You had basic skill with quarterstaff.

Final Attributes:
 You were devoutly aligned.
 You were magic-protected.
 You were sleep resistant.
 You saw invisible.
 You had infravision.
 You were warded.
 You were lucky.
 You are dead.

Miscellaneous:
 You didn't encounter any bones levels.
 Total elapsed playing time was 7 minutes and 13 seconds.

Major events:
 Turn
    1: A4Paper the chaotic female elven Wizard entered the dungeon
   87: attained the rank of Conjurer (level 3)
 1195: entered the Gnomish Mines
 1329: killed by a disenchanter

Spells:
 Name                 Level Category     Fail Retention
 force bolt             1   attack         0%  91%-100%
 detect food            2   divination    35%  76%-100%

Skills:
 Fighting Skills
   bare handed combat [Unskilled]
   riding             [Unskilled]
 Weapon Skills
   dagger             [Unskilled]
   knife              [Unskilled]
   axe                [Unskilled]
   short sword        [Unskilled]
   club               [Unskilled]
   mace               [Unskilled]
   quarterstaff       [Basic]
   polearms           [Unskilled]
   spear              [Unskilled]
   trident            [Unskilled]
   sling              [Unskilled]
   dart               [Unskilled]
   shuriken           [Unskilled]
 Spellcasting Skills
   attack spells      [Basic]
   healing spells     [Unskilled]
   divination spells  [Unskilled]
   enchantment spells [Basic]
   clerical spells    [Unskilled]
   escape spells      [Unskilled]
   matter spells      [Unskilled]

Voluntary challenges:
 Character rerolling was not enabled.
 You never genocided any monsters.
 You never polymorphed an object.
 You never changed form.
 You used no wishes.
Achievements:
 You attained the rank of Conjurer.
 You entered the Gnomish Mines.

 The Dungeons of Doom: levels 1 to 3
    Level 1:
       An altar to Anhur.
    Level 2:
       A sink.
       Stairs down to The Gnomish Mines.
    Level 3: <- You were here.
       Final resting place for
          you, killed by a disenchanter.
 The Gnomish Mines:
    Level 3:


Vanquished creatures:
  a human zombie
  a little dog
  a floating eye
 an orc zombie
  a werejackal
  3 hobbits
  a brown mold
  a yellow mold
  a green mold
  a gecko
  2 jackals
  a goblin
  2 sewer rats
  3 grid bugs
  2 lichens
  a kobold zombie
  a newt
24 creatures vanquished.

No species were genocided or became extinct.

Game over:
                       ----------
                      /          \
                     /    REST    \
                    /      IN      \
                   /     PEACE      \
                  /                  \
                  |     A4Paper      |
                  |      46 Au       |
                  |   killed by a    |
                  |   disenchanter   |
                  |                  |
                  |                  |
                  |       2026       |
                 *|     *  *  *      | *
        _________)/\\_//(\/(/\)/\//\/|_)_______

Goodbye A4Paper the Wizard...

You died in The Dungeons of Doom on dungeon level 3 with 486 points,
and 46 pieces of gold, after 1329 moves.
You were level 4 with a maximum of 33 hit points when you died.

